 Dungeon Crawl Stone Soup version 0.23.1-37-gaa34b87b72 (webtiles) character file.

Game seed: 12346966386801953756

14982 Gargoyl the Protected (level 11, -1/91 HPs)
             Began as a Centaur Abyssal Knight on Mar 27, 2019.
             Was a High Priest of Lugonu.
             Slain by a catoblepas (3 damage)
             ... while petrified by you
             ... on level 3 of the Lair of Beasts.
             The game lasted 00:19:26 (11805 turns).

Gargoyl the Protected (Centaur Abyssal Knight)     Turns: 11805, Time: 00:19:27

Health: -1/91      AC: 14    Str: 21    XL:     11   Next: 95%
Magic:  17/17      EV:  1    Int:  7    God:    Lugonu [*****.]
Gold:   732        SH:  0    Dex: 15    Spells: 10/10 levels left

rFire    . . .     SeeInvis .   d - +8 short sword of Dismemberment {vamp, Dex+4}
rCold    . . .     Gourm    .   I - +10 large shield of Ignorance {rN+ Int-4}
rNeg     + + +     Faith    .   j - +1 scale mail
rPois    ∞         Spirit   .   l - +2 helmet
rElec    .         Reflect  +   x - +0 cloak
rCorr    .         Harm     .   (no gloves)
MR       .....                  (no barding)
Stlth    ..........             D - +3 amulet of reflection
HPRegen  0.25/turn              g - ring of poison resistance
MPRegen  0.15/turn              m - +5 ring of strength

@: petrified, very quick
A: large, hooves 3, deformed body, speed 2, tough skin 3
a: Depart the Abyss, Bend Space, Banish, Corrupt, Enter the Abyss, Renounce
Religion


You were on level 3 of the Lair of Beasts.
You worshipped Lugonu.
Lugonu was extremely pleased with you.
You were not hungry.

You visited 2 branches of the dungeon, and saw 13 of its levels.
You visited the Abyss 1 time.
You also visited: Sewer.

You collected 732 gold pieces.

Inventory:

Hand Weapons
 a - a +1 hand axe
 d - the +8 short sword of Dismemberment (weapon) {vamp, Dex+4}
   (You found it on level 2 of the Abyss)

   It inflicts no extra harm, but heals its wielder when it wounds a living foe.
   It affects your dexterity (+4).
 C - a +0 war axe
 F - a +1 short sword of electrocution
Missiles
 y - 2 tomahawks (quivered)
Armour
 j - a +1 scale mail (worn)
 l - a +2 helmet (worn)
 x - a +0 cloak (worn)
 I - the +10 large shield of Ignorance (worn) {rN+ Int-4}
   (You found it on level 2 of the Lair of Beasts)

   It affects your intelligence (-4).
   It protects you from negative energy.
Jewellery
 g - a ring of poison resistance (left hand)
 m - a +5 ring of strength (right hand)
 w - an uncursed ring of resist corrosion
 D - a +3 amulet of reflection (around neck)
Scrolls
 e - 8 scrolls of amnesia
 i - 2 scrolls of identify
 r - 4 scrolls of remove curse
 s - 3 scrolls of blinking
 z - 4 scrolls of magic mapping
 A - a scroll of fear
 B - 2 scrolls of fog
 G - 3 scrolls of teleportation
Potions
 b - 3 potions of might
 c - 3 potions of flight
 f - 2 potions of heal wounds
 h - 4 potions of lignification
 k - 6 potions of brilliance
 n - 3 potions of magic
 p - 9 potions of curing
 q - 2 potions of resistance
 t - 3 potions of cancellation
 u - 6 potions of haste
 E - a potion of mutation {unknown}
 H - a potion of agility
Comestibles
 o - 13 rations
 v - a chunk of flesh


   Skills:
 + Level 6.5 Fighting
 + Level 8.0 Short Blades
 + Level 2.2 Axes
 + Level 1.3 Throwing
 * Level 8.9 Armour
 * Level 5.9 Dodging
 + Level 0.8 Stealth
 + Level 3.2 Shields
 * Level 8.7 Invocations


You had 10 spell levels left.
You didn't know any spells.
Your spell library contained the following spells:

 Spells                   Type           Power        Failure   Level  Hunger
 Animate Skeleton         Necr           N/A          100%        1    ##.....
 Confusing Touch          Hex            #.....       100%        1    ##.....
 Pain                     Necr           #...         100%        1    ##.....
 Confuse                  Hex            #.......     100%        3    ####...
 Gell's Gravitas          Tloc           #.........   100%        3    ####...
 Regeneration             Chrm/Necr      #.........   100%        3    ####...
 Vampiric Draining        Necr           #.........   100%        3    ####...
 Animate Dead             Necr           N/A          100%        4    #####..
 Petrify                  Tmut/Erth      #.......     100%        4    #####..
 Metabolic Englaciation   Hex/Ice        #.........   100%        5    ######.
 Yara's Violent Unravell  Hex/Tmut       #.........   100%        5    ######.


Dungeon Overview and Level Annotations

Branches:
Dungeon (10/15)            Temple (0/1) D:6            Lair (3/6) D:8
  Swamp: Lair:2-4    Shoals: Lair:2-4     Snake: Lair:2-4    Spider: Lair:2-4
    Orc: D:9-12

Altars:
Ashenzari
Dithmenos
Hepliaklqana
Makhleb
Nemelex Xobeh
Okawaru
Qazlal
Uskayaw

Shops:
D:5 *

Annotations:
D:10 Harold


Innate Abilities, Weirdness & Mutations

You have hooves in place of feet.
Armour fits poorly on your strangely shaped body.
You cover ground very quickly.
You have extremely tough skin. (AC +3)


Message History

The catoblepas is almost dead.
You are engulfed in calcifying dust.
The catoblepas gores you but does no damage.
Your limbs are stiffening.
Unknown command.
You hit the catoblepas but do no damage.
The catoblepas is almost dead.
You are engulfed in calcifying dust.
The catoblepas gores you but does no damage. x2
You have turned to stone.
You are engulfed in calcifying dust.
The catoblepas gores you!! The catoblepas gores you.
The catoblepas gores you! x2
* * * LOW HITPOINT WARNING * * *
The catoblepas gores you!!
* * * LOW HITPOINT WARNING * * *
The catoblepas gores you!!
* * * LOW HITPOINT WARNING * * *
The catoblepas gores you.
You die...

.........##.....##
..............###
..............#
...........##..#
.#.#...#### ##.# ###
#####.†#### ..
..##..#####.P##..P..## .
........................
....?.....@.............
...........Y............
##.#...##.####.P....####
#....# ##.# ##...###
#.... #.# ....# ......
#........ ..... #.......
..... ....... #.#


You could see a catoblepas.

Vanquished Creatures
  2 hydras (Lair:1)
  A two-headed ogre (D:8)
  A glowing orange brain (D:8)
  Pikel (D:8)
  Joseph (Lair:1)
  6 spiny frogs
  A kobold demonologist (D:8)
  A tengu conjurer (D:8)
  2 komodo dragons
  4 hippogriffs
  Sigmund (D:4)
  2 basilisks
  4 yaks (Lair:2)
  A vampire mosquito (D:8)
  A steam dragon (D:6)
  Edmund (D:5)
  4 water moccasins
  An orc warrior (D:9)
  5 porcupines
  A sky beast (D:8)
  An ice beast (D:7)
  A black bear (D:8)
  A slave (D:8)
  A necrophage (D:7)
  A centaur (D:8)
  6 ogres
  2 phantoms
  7 crocodiles
  15 big kobolds (D:8)
  14 bullfrogs
  2 gnoll sergeants
  2 scorpions
  3 wights (D:6)
  2 howler monkeys (D:7)
  A bullfrog zombie (D:6)
  3 crimson imps
  2 centaur zombies
  4 hounds
  A centaur skeleton (D:7)
  A jelly (D:5)
  3 orc priests
  5 orc wizards
  3 bullfrog skeletons
  7 worker ants
  2 iguanas (D:4)
  A hound skeleton (D:4)
  A howler monkey zombie (D:7)
  A worker ant zombie (D:9)
  11 gnolls
  A howler monkey skeleton (D:8)
  15 adders
  2 river rats
  2 shadow imps
  2 oozes (D:1)
  An adder skeleton (D:8)
  5 worms
  4 dart slugs
  9 leopard geckos
  23 orcs
  18 ball pythons
  3 giant cockroaches
  8 goblins
  6 hobgoblins
  10 jackals
  14 kobolds
  A quokka (D:3)
  6 bats
  4 frilled lizards
  A leopard gecko skeleton (D:5)
  A leopard gecko zombie (D:5)
  36 rats
317 creatures vanquished.

Vanquished Creatures (others)
  A hydra (D:8)
  A spiny frog (Lair:1)
  2 slaves (D:8)
  A necrophage (D:6)
  A ball python (D:3)
  A bat (D:3)
7 creatures vanquished.

Grand Total: 324 creatures vanquished

Notes
Turn   | Place    | Note
-------+----------+-------------------------------------------
     0 | Abyss:1  | Gargoyl the Centaur Abyssal Knight began the quest for the
                  | Orb.
     0 | Abyss:1  | Reached XP level 1. HP: 19/19 MP: 2/2
    38 | Abyss:1  | Found a corrupted altar of Lugonu.
    91 | Abyss:2  | Got a fine short sword
    93 | Abyss:2  | Identified the +8 short sword of Dismemberment {vamp,
                  | Dex+4} (You found it on level 2 of the Abyss)
   123 | Abyss:2  | Noticed a small abomination
   126 | D:1      | Escaped the Abyss
   136 | D:1      | You fall through a shaft!
   151 | D:1      | Reached * piety under Lugonu
   151 | D:1      | Reached XP level 2. HP: 26/26 MP: 3/3
   364 | D:1      | Reached skill level 1 in Dodging
   555 | D:1      | Reached XP level 3. HP: 29/31 MP: 4/4
  1069 | D:2      | You fall through a shaft for 2 floors!
  1075 | D:4      | Reached XP level 4. HP: 32/40 MP: 6/6
  1079 | D:4      | Reached skill level 1 in Short Blades
  1187 | D:4      | Noticed Sigmund
  1221 | D:2      | Reached XP level 5. HP: 45/46 MP: 7/7
  1261 | D:2      | Reached ** piety under Lugonu
  2357 | D:3      | Reached *** piety under Lugonu
  2485 | D:3      | Found a stormy altar of Qazlal.
  2852 | D:4      | Reached XP level 6. HP: 52/52 MP: 9/9
  2872 | D:4      | Found a sparkling altar of Nemelex Xobeh.
  2902 | D:4      | Killed Sigmund
  2982 | D:4      | Reached XP level 7. HP: 59/59 MP: 10/10
  3288 | D:4      | Found a hazy altar of Hepliaklqana.
  3288 | D:4      | Found a hide-covered altar of Uskayaw.
  3289 | D:4      | Found an iron altar of Okawaru.
  3333 | D:5      | Entered Level 5 of the Dungeon
  3398 | D:5      | Found Dizumeno's Assorted Antiques.
  3662 | D:5      | Found a glowing drain.
  3666 | Sewer    | Entered a sewer
  3750 | Sewer    | Reached **** piety under Lugonu
  3945 | Sewer    | Reached XP level 8. HP: 65/67 MP: 11/11
  4048 | D:5      | Found a shadowy altar of Dithmenos.
  4048 | D:5      | Found a shattered altar of Ashenzari.
  4391 | D:6      | Noticed Edmund
  4403 | D:6      | Reached skill level 5 in Invocations
  4432 | D:5      | Killed Edmund
  4629 | D:6      | Found a staircase to the Ecumenical Temple.
  4632 | D:6      | Reached ***** piety under Lugonu
  4666 | D:6      | You fall through a shaft for 3 floors!
  4679 | D:9      | Reached skill level 5 in Armour
  4693 | D:9      | Reached skill level 1 in Shields
  4799 | D:9      | You fall through a shaft!
  4799 | D:10     | Entered Level 10 of the Dungeon
  5061 | D:10     | Reached XP level 9. HP: 55/72 MP: 13/13
  5247 | D:10     | Noticed Harold
  5365 | D:8      | Found a burning altar of Makhleb.
  5365 | D:8      | Found a hide-covered altar of Uskayaw.
  5366 | D:8      | Noticed a glowing orange brain
  5366 | D:8      | Noticed a tengu conjurer
  5384 | D:8      | Killed a tengu conjurer
  5384 | D:8      | Reached skill level 5 in Fighting
  5384 | D:8      | Reached skill level 5 in Short Blades
  5459 | D:8      | Noticed a five-headed hydra
  5468 | D:8      | Banished a five-headed hydra
  5468 | D:8      | Reached skill level 1 in Throwing
  5472 | D:8      | Killed a glowing orange brain
  5787 | D:7      | Reached XP level 10. HP: 80/80 MP: 15/15
  7473 | D:8      | Noticed a two-headed ogre
  7484 | D:8      | Killed a two-headed ogre
  7568 | D:8      | Noticed Pikel
  7591 | D:8      | Killed Pikel
  7817 | D:8      | Found a staircase to the Lair.
  7996 | D:8      | Reached XP level 11. HP: 87/87 MP: 16/16
  8510 | Lair:1   | Entered Level 1 of the Lair of Beasts
  9064 | Lair:1   | Reached skill level 5 in Dodging
  9286 | Lair:1   | Noticed Joseph
  9319 | Lair:1   | Killed Joseph
  9652 | Lair:1   | Noticed an eight-headed hydra
  9662 | Lair:1   | Killed an eight-headed hydra
  9936 | Lair:1   | Noticed a seven-headed hydra
  9946 | Lair:1   | Killed a seven-headed hydra
 11319 | Lair:2   | Found the +10 large shield of Ignorance {rN+ Int-4}
 11748 | Lair:3   | Noticed a catoblepas
 11804 | Lair:3   | HP: 2/91 [catoblepas (11)]
 11805 | Lair:3   | Slain by a catoblepas

Skill      XL: |  1  2  3  4  5  6  7  8  9 10 11 |
---------------+----------------------------------+-----
Dodging        | 1 2 3 4 5 |  5.9
Axes           | 2 |  2.2
Short Blades   | 1 2 3 4 5 7 8 |  8.0
Invocations    | 3 4 5 6 7 8 |  8.7
Armour         | 2 3 5 6 7 8 |  8.9
Fighting       | 4 5 6 |  6.5
Shields        | 1 2 3 |  3.2
Throwing       | 1 |  1.3
Stealth        | |  0.8

Action                   |  1- 3 |  4- 6 |  7- 9 | 10-12 || total
-------------------------+-------+-------+-------+-------++-------
Melee: Short sword       |    37 |   125 |   315 |   557 ||  1034
       Kick              |     8 |    29 |    94 |   211 ||   342
Throw: Tomahawk          |       |       |     6 |     4 ||    10
Invok: Depart the Abyss  |     1 |       |       |       ||     1
       Bend Space        |       |     1 |       |       ||     1
       Banish            |       |       |     2 |     1 ||     3
  Use: Scroll            |       |    12 |     6 |    12 ||    30
       Potion            |       |       |       |     1 ||     1
  Eat: Ration            |     1 |       |       |     1 ||     2
       Chunk             |     1 |     4 |     9 |    14 ||    28
Armor: Leather armour    |     5 |       |       |       ||     5
       Scale mail        |    12 |    54 |   230 |   232 ||   528
Dodge: Dodged            |    17 |    60 |   185 |   202 ||   464
Block: Buckler           |       |       |    64 |   117 ||   181
       Large shield      |       |       |       |    21 ||    21
